AoeStats
← [CL] Al3jandr0.magn00

Arabia

506271417Analyzed
1v1 RM · 20d ago on Sep 13, 2026· 45m 4s· 2 players
Game mode
Random Map
Map size
Tiny (2 player)
Population
200
Speed
Normal
Resources
Standard
Victory
Conquest
Starting age
Dark Age
Ending age
Imperial Age
RankedLock teamsTeams togetherTeam positionsShared explorationLock speedFull tech treeHidden civsTurbo modeCheats
Victory
Defeat
🇨🇳 Maya · China
1808
+17
🇦🇷 Koreans · Argentina
1823
-17
Swareee
0:25 Loom
8:58 Feudal Age
10:15 Double-Bit Axe
12:36 Fletching
20:09 Castle Age
18:46 Scale Mail Armor
18:38 Horse Collar
21:12 Chain Mail Armor
21:00 Eagle Warrior
22:04 Gold Mining
23:04 Forging
24:59 Squires
25:28 Arson
26:39 Town Watch
28:31 Wheelbarrow
27:59 Stone Mining
29:41 Iron Casting
38:08 Imperial Age
36:12 Bow Saw
39:22 Holcans
40:01 Plate Mail Armor
41:01 Two-Man Saw
40:04 Elite Eagle Warrior
41:52 Conscription
41:50 Capped Ram
43:40 Hand Cart
43:00 Siege Ram
[CL] Al3jandr0.magn00
6:19 Loom
9:25 Feudal Age
9:58 Double-Bit Axe
16:18 Fletching
17:09 Town Watch
22:15 Castle Age
21:29 Horse Collar
21:39 Gold Mining
22:11 Gold Mining
22:59 Bodkin Arrow
22:25 Crossbowman
23:24 Bow Saw
22:53 Crossbowman
26:44 Ballistics
27:07 Wheelbarrow
36:40 Imperial Age
35:25 Hand Cart
37:29 Bracer
39:05 Chemistry
38:57 Arbalester
39:08 Elite Skirmisher
Connection lost

Rejoining the realm…

Still unreachable

The connection could not be restored.

Session expired

The server has moved on; the page needs a fresh start.